 Dungeon Crawl Stone Soup version 0.29.0-4-gdea44cf6ec (webtiles) character file.

Game seed: 18185985349769929807

102 qw the Sneak (level 4, 0/36 HPs)
             Began as a Ghoul Enchanter on Sept 8, 2022.
             Slain by a gnoll
             ... wielding a +0 spear
              (3 damage)
             ... on level 3 of the Dungeon.
             The game lasted 00:01:27 (2945 turns).

qw the Sneak (Ghoul Enchanter)                      Turns: 2945, Time: 00:01:28

Health: 0/36       AC:  9    Str: 11 (13) XL:     4   Next: 78%
Magic:  5/5        EV:  5    Int: 10      God:
Gold:   143        SH:  0    Dex:  8 (9)  Spells: 6/6 levels left

rFire   . . .      SeeInvis .   Y - +0 whip
rCold   + . .      Faith    .   (no shield)
rNeg    + + +      Spirit   .   e - +0 chain mail
rPois   inf        Reflect  .   (no helmet)
rElec   .          Harm     .   (no cloak)
rCorr   .          Rampage  .   k - +0 pair of gloves
Will    .....                   (no boots)
Stlth   ..........              (no amulet)
HPRegen 0.00/turn               (no ring)
MPRegen 0.09/turn               (no ring)

@: inhibited regen
A: claws 1, cold resistance 1, negative energy resistance 3, inhibited
regeneration, torment resistance 2, devour on kill
a: no special abilities


You were on level 3 of the Dungeon.
You visited 1 branch of the dungeon, and saw 3 of its levels.

You collected 143 gold pieces.


Innate Abilities, Weirdness & Mutations

You are immune to poison.
You have sharp fingernails.
Your flesh is cold resistant. (rC+)
You are immune to negative energy. (rN+++)
You do not regenerate when monsters are visible.
You are immune to unholy pain and torment.
You thrive by killing the living.


   Skills:
 - Level 2.0 Fighting
 - Level 0.8 Short Blades
 + Level 3.0 Axes
 - Level 1.0 Armour
 - Level 1.7 Dodging
 - Level 3.2 Stealth
 - Level 1.7 Spellcasting
 - Level 2.4 Hexes


You had 6 spell levels left.
You didn't know any spells.
Your spell library contained the following spells:

 Spells                   Type           Power      Damage    Failure   Level
 Ensorcelled Hibernation  Hex/Ice        6%         N/A       100%        2
 Confusing Touch          Hex            5%         N/A       100%        3
 Dazzling Flash           Conj/Hex       6%         N/A       100%        3
 Tukima's Dance           Hex            5%         N/A       100%        3

Inventory:

Hand Weapons
 Y - a +0 whip (weapon)
Armour
 e - a +0 chain mail (worn)
 k - a +0 pair of gloves (worn)
Potions
 b - a potion of mutation {unknown}
 d - a potion of curing
 g - a potion of brilliance {unknown}

Dungeon Overview and Level Annotations

Branches:
Dungeon (3/15)

Altars:


Message History

You kill the frilled lizard!
Your Axes skill increases to level 3!
Found an escape hatch in the ceiling.
A gnoll comes into view. It is wielding a +0 spear.
The gnoll shouts!
A gnoll comes into view. It is wielding a +0 spear.
2935 ||| Stepping ~*~*~tactically~*~*~ (hiding).
You start waiting.
A gnoll is nearby!
A gnoll comes into view. It is wielding a +0 halberd.
The gnoll shouts!
A frilled lizard comes into view.
The gnoll shouts!
A gnoll comes into view. It is wielding a +0 spear.
The gnoll hits you but does no damage.
The frilled lizard moves out of view.
2939 ||| Stepping ~*~*~tactically~*~*~ (outnumbered).
The gnoll hits you from afar with a +0 spear.
The gnoll barely misses you.
The gnoll hits you from afar with a +0 halberd.
You closely miss the gnoll.
The gnoll hits you from afar with a +0 halberd.
The gnoll shouts!
You hit the gnoll.
The gnoll is heavily wounded.
The gnoll hits you but does no damage.
The gnoll hits you from afar with a +0 halberd!
The gnoll barely misses you.
You hit the gnoll but do no damage.
The gnoll is heavily wounded.
The gnoll hits you but does no damage. The gnoll barely misses you.
The gnoll hits you from afar with a +0 halberd.
You hit the gnoll.
The gnoll is severely wounded.
The gnoll hits you but does no damage.
The gnoll hits you from afar with a +0 halberd!
The gnoll hits you with a +0 spear.
You hit the gnoll.
The gnoll is almost dead.
The gnoll hits you from afar with a +0 spear.
You die...

#.....##..#..##
####..###%....##
##....##.#...##
#..##.........##
#.#...###......#
##......##.%.....#
#........#........
####.g......#..[...>.
#.gg.@......#........
....lg##.....##........
.....< ................
....g #.........##..#..
.... #.......... ..
.#.....#... .
#.##...##... .. ....


You could see 4 gnolls and a frilled lizard.

Vanquished Creatures
  5 adders
  2 worms
  A dart slug (D:1)
  3 orcs (D:3)
  5 ball pythons (D:1)
  A bat (D:2)
  4 endoplasms
  2 giant cockroaches (D:2)
  4 goblins
  4 hobgoblins (D:1)
  5 kobolds
  A quokka (D:1)
  2 frilled lizards
  5 rats
44 creatures vanquished.

Notes
Turn   | Place    | Note
-------+----------+-------------------------------------------
     0 | D:1      | qw the Ghoul Enchanter began the quest for the Orb.
     0 | D:1      | Reached XP level 1. HP: 14/14 MP: 2/2
     0 | D:1      | 0 ||| qw: Version: 0.1-a-112-g44dc6cd
     0 | D:1      | 0 ||| qw: Game counter: 6844
     0 | D:1      | 0 ||| qw: Always use a shield: true
     0 | D:1      | 0 ||| qw: God list: Okawaru
     0 | D:1      | 0 ||| qw: Allow faded altars: false
     0 | D:1      | 0 ||| qw: Do Orc after D:15 true
     0 | D:1      | 0 ||| qw: Do second Lair branch before Depths: true
     0 | D:1      | 0 ||| qw: Lair rune preference: random
     0 | D:1      | 0 ||| qw: Plans: Normal
     0 | D:1      | 0 ||| PLANNING D:1-11
   132 | D:1      | 132 ||| SWAPPING to +0 short sword.
   133 | D:1      | 133 ||| DROPPING +1 dagger.
   233 | D:1      | Reached skill level 1 in Axes
   352 | D:1      | 352 ||| Stepping ~*~*~tactically~*~*~ (stealth).
   354 | D:1      | 354 ||| Stepping ~*~*~tactically~*~*~ (stealth).
   359 | D:1      | 359 ||| Stepping ~*~*~tactically~*~*~ (stealth).
   361 | D:1      | 361 ||| Stepping ~*~*~tactically~*~*~ (stealth).
   363 | D:1      | 363 ||| Stepping ~*~*~tactically~*~*~ (stealth).
   376 | D:1      | Reached XP level 2. HP: 14/22 MP: 3/3
   379 | D:1      | 379 ||| Stepping ~*~*~tactically~*~*~ (stealth).
   381 | D:1      | 381 ||| Stepping ~*~*~tactically~*~*~ (stealth).
   387 | D:1      | Reached skill level 1 in Fighting
   823 | D:1      | 823 ||| Stepping ~*~*~tactically~*~*~ (stealth).
   827 | D:1      | 827 ||| Stepping ~*~*~tactically~*~*~ (stealth).
   830 | D:1      | 830 ||| Stepping ~*~*~tactically~*~*~ (stealth).
   831 | D:1      | 831 ||| Stepping ~*~*~tactically~*~*~ (stealth).
   832 | D:1      | 832 ||| Stepping ~*~*~tactically~*~*~ (stealth).
   843 | D:1      | 843 ||| Stepping ~*~*~tactically~*~*~ (stealth).
  1057 | D:1      | 1057 ||| Stepping ~*~*~tactically~*~*~ (stealth).
  1059 | D:1      | 1059 ||| Stepping ~*~*~tactically~*~*~ (stealth).
  1096 | D:1      | Reached XP level 3. HP: 26/28 MP: 4/4
  1113 | D:1      | 1113 ||| SWAPPING to +0 whip.
  1114 | D:1      | 1114 ||| DROPPING +0 short sword.
  1132 | D:1      | Found a faded altar of an unknown god.
  1324 | D:1      | 1324 ||| Stepping ~*~*~tactically~*~*~ (stealth).
  1331 | D:1      | 1331 ||| Stepping ~*~*~tactically~*~*~ (stealth).
  1337 | D:1      | 1337 ||| Stepping ~*~*~tactically~*~*~ (stealth).
  1338 | D:1      | 1338 ||| Stepping ~*~*~tactically~*~*~ (stealth).
  1445 | D:1      | 1445 ||| UPGRADING to +0 chain mail.
  1455 | D:1      | 1455 ||| DROPPING +0 robe.
  1456 | D:1      | 1456 ||| DROPPING 2 potions of invisibility.
  1596 | D:2      | HP: 7/29 [worm (2)]
  1750 | D:2      | 1750 ||| Stepping ~*~*~tactically~*~*~ (stealth).
  1751 | D:2      | 1751 ||| Stepping ~*~*~tactically~*~*~ (stealth).
  1864 | D:2      | 1864 ||| Stepping ~*~*~tactically~*~*~ (stealth).
  2037 | D:2      | 2037 ||| Stepping ~*~*~tactically~*~*~ (stealth).
  2058 | D:2      | Reached XP level 4. HP: 36/36 MP: 5/5
  2470 | D:2      | 2470 ||| UPGRADING to +0 pair of gloves.
  2475 | D:2      | 2475 ||| READING scroll labelled INOAZOCL GASOE.
  2476 | D:2      | 2476 ||| READING scroll labelled GIKOLO ZO RODI.
  2480 | D:2      | 2480 ||| READING scroll labelled WALLEUSKUNADGH.
  2481 | D:2      | 2481 ||| DRINKING 2 fizzy grey potions.
  2482 | D:2      | 2482 ||| DRINKING 2 viscous puce potions.
  2483 | D:2      | 2483 ||| DRINKING 2 lumpy purple potions.
  2484 | D:2      | 2484 ||| DROPPING potion of flight.
  2485 | D:2      | 2485 ||| DROPPING potion of degeneration.
  2516 | D:3      | 2516 ||| Stepping ~*~*~tactically~*~*~ (stealth).
  2553 | D:3      | Reached skill level 1 in Armour
  2643 | D:3      | 2643 ||| Stepping ~*~*~tactically~*~*~ (stealth).
  2646 | D:3      | 2646 ||| Stepping ~*~*~tactically~*~*~ (stealth).
  2661 | D:3      | 2661 ||| FLEEEEING.
  2664 | D:3      | 2664 ||| STAIRDANCE
  2706 | D:3      | 2706 ||| Stepping ~*~*~tactically~*~*~ (outnumbered).
  2707 | D:3      | 2707 ||| Stepping ~*~*~tactically~*~*~ (outnumbered).
  2708 | D:3      | 2708 ||| Stepping ~*~*~tactically~*~*~ (outnumbered).
  2928 | D:3      | Reached skill level 3 in Axes
  2935 | D:3      | 2935 ||| Stepping ~*~*~tactically~*~*~ (hiding).
  2939 | D:3      | 2939 ||| Stepping ~*~*~tactically~*~*~ (outnumbered).
  2944 | D:3      | HP: 7/36 [gnoll/+0 halberd (9)]
  2944 | D:3      | HP: 3/36 [gnoll/+0 spear (4)]
  2945 | D:3      | Slain by a gnoll

Levels and vault maps discovered:
D:1:      dpeg_arrival_boxorama, layout_loops_ring,
          hellmonk_ecumenical_altar_leap_of_faith
D:2:      layout_loops_ring
D:3:      layout_rooms, nicolae_figureground_sparkle

Skill      XL: |  1  2  3  4 |
---------------+-------------+-----
Axes           | 1 2 3 |  3.0
Fighting       | 1 2 |  2.0
Armour         | 1 |  1.0
Short Blades   | |  0.8
Dodging        | |  1.7
Stealth        | |  3.2
Spellcasting   | |  1.7
Hexes          | |  2.4

Action                   |  1- 3 |  4- 6 || total
-------------------------+-------+-------++-------
Melee: Short sword       |    79 |       ||    79
       Dagger            |     8 |       ||     8
       Whip              |    75 |   105 ||   180
       Punch             |     1 |     2 ||     3
  Use: Scroll            |       |     3 ||     3
       Potion            |       |     3 ||     3
Armor: Robe              |    10 |       ||    10
       Chain mail        |    37 |    81 ||   118
Dodge: Dodged            |    62 |    38 ||   100

Table legend:
 A = Non-vault XP
 B = Vault XP
 C = Vault XP percentage of total XP
 D = Non-vault monster count
 E = Vault monster count
 F = Vault count percentage of total count
                 A         B        C        D         E       F
            +---------+---------+-------+---------+---------+-------
      Total |     147 |       0 |   0.0 |      44 |       0 |   0.0
            +---------+---------+-------+---------+---------+-------
        D:1 |      40 |       0 |   0.0 |      21 |       0 |   0.0
        D:2 |      64 |       0 |   0.0 |      15 |       0 |   0.0
        D:3 |      43 |       0 |   0.0 |       8 |       0 |   0.0
            +---------+---------+-------+---------+---------+-------
